 Dungeon Crawl Stone Soup version 0.27.1-33-g824d729ab1 (webtiles) character file.

Game seed: 13540169578483805532

70 zeram the Sneak (level 4, 0/22 HPs)
             Began as a Spriggan Brigand on Dec 16, 2021.
             Slain by a wight (14 damage)
             ... on level 2 of the Dungeon.
             The game lasted 00:05:16 (2767 turns).

zeram the Sneak (Spriggan Brigand)                  Turns: 2767, Time: 00:05:17

Health: 0/22       AC:  3    Str:  7    XL:     4   Next: 4%
Magic:  5/5        EV: 17    Int: 13    God:
Gold:   144        SH:  0    Dex: 16    Spells: 3/3 levels left

rFire    . . .     SeeInvis +   k - +2 dagger (venom)
rCold    . . .     Faith    .   (shield restricted)
rNeg     . . .     Spirit   .   b - +0 robe
rPois    .         Reflect  .   (helmet restricted)
rElec    .         Harm     .   c - +0 cloak
rCorr    .         Rampage  .   (gloves unavailable)
Will     .....                  (boots unavailable)
Stlth    ++++......             (no amulet)
HPRegen  0.07/turn              (no ring)
MPRegen  0.09/turn              (no ring)

@: very quick
A: very small, no large weapons, unfitting armour, see invisible, speed 3
a: no special abilities


You were on level 2 of the Dungeon.
You visited 1 branch of the dungeon, and saw 3 of its levels.

You collected 144 gold pieces.

Inventory:

Hand Weapons
 a - a +3 dagger
 k - a +2 dagger of venom (weapon)
Missiles
 d - 7 poisoned darts (quivered)
 e - 2 curare-tipped darts
Armour
 b - a +0 robe (worn)
 c - a +0 cloak (worn)
Scrolls
 i - a scroll of teleportation
Potions
 f - a potion of might {unknown}
 g - a potion of flight {unknown}
 h - 2 potions of heal wounds {unknown}
 j - a potion of haste {unknown}


   Skills:
 - Level 1.5 Fighting
 + Level 2.9 Short Blades
 - Level 2.0 Throwing
 + Level 2.4 Dodging
 + Level 7.6 Stealth


You had 3 spell levels left.
You didn't know any spells.
Your spell library contained the following spells:

 Spells                   Type           Power      Damage    Failure   Level
 Summon Guardian Golem    Hex/Summ       0%         N/A       67%         3
 Orb of Destruction       Conj           0%         N/A       100%        7
 Spellforged Servitor     Conj/Summ      0%         N/A       100%        7


Dungeon Overview and Level Annotations

Branches:
Dungeon (3/15)

Altars:


Innate Abilities, Weirdness & Mutations

You are very small and have problems with some larger weapons.
You are too small for most types of armour.
You have supernaturally acute eyesight. (SInv)
You cover ground extremely quickly. (Speed+++)


Message History

a +0 mace; a +0 leather armour; an orc skeleton A bat comes into view.
Found two stone staircases leading down.
A bat is nearby!
A bat is nearby!
A bat is nearby!
The helpless bat fails to defend itself.
You spit the bat like a pig!!!
You kill the bat!
No target in view!
No target in view!
Found a stone staircase leading up.
Found 10 gold pieces.
A wight comes into view. It is wielding a +4 morningstar.
A wight is nearby!
A wight is nearby!
A wight is nearby!
A wight is nearby!
A wight comes into view. It is wielding a +0 spear.
A wight comes into view. It is wielding a +2 vorpal halberd.
You closely miss the wight. You barely miss the wight.
The wight hits you with a +4 morningstar!
Ouch! That really hurt!
There is a stone staircase leading up here.
You climb upwards.
There is a stone staircase leading down here.
You start resting.
HP restored.
You climb downwards.
The wight hits you with a +4 morningstar!
There is a stone staircase leading up here.
The wight closely misses you.
You climb upwards.
There is a stone staircase leading down here.
You hit the wight.
The wight is lightly damaged.
The wight hits you with a +4 morningstar!
Ouch! That really hurt!
You die...

......#
##.##.##
......#
#.##.#
......#
#..#.#
......#
#..#.#
......#
#..#.#
......#
#....#
......#
#.#..#
......#
#.#.z#
......#
#...@#
#######
#.####
#.# ###


You could see a wight.

Vanquished Creatures
  An orc wizard (D:3)
  An adder (D:2)
  4 orcs
  5 endoplasms
  2 giant cockroaches
  5 goblins
  5 kobolds
  3 ball pythons
  A bat (D:3)
  2 frilled lizards (D:2)
  2 rats (D:1)
31 creatures vanquished.

Notes
Turn   | Place    | Note
-------+----------+-------------------------------------------
     0 | D:1      | zeram the Spriggan Brigand began the quest for the Orb.
     0 | D:1      | Reached XP level 1. HP: 10/10 MP: 2/2
   428 | D:1      | Reached skill level 6 in Stealth
   466 | D:1      | Reached XP level 2. HP: 6/14 MP: 3/3
   705 | D:1      | Found a faded altar of an unknown god.
  1605 | D:2      | Reached XP level 3. HP: 18/18 MP: 4/4
  1619 | D:2      | Reached skill level 7 in Stealth
  2231 | D:3      | Reached XP level 4. HP: 4/22 MP: 5/5
  2767 | D:2      | Slain by a wight

Illustrated notes

Levels and vault maps discovered:
D:1:      dpeg_arrival_castle, layout_loops_ring, ebering_ecumenical_altar_hall
D:2:      layout_basic
D:3:      layout_loops_ring, yredelemnul_forgotten_temple_becter,
          minmay_checkerbox

Skill      XL: |  1  2  3 |
---------------+----------+-----
Dodging        | 2 |  2.4
Stealth        | 6 7 |  7.6
Fighting       | |  1.5
Short Blades   | |  2.9
Throwing       | |  2.0

Action                   |  1- 3 |  4- 6 || total
-------------------------+-------+-------++-------
Melee: Dagger            |    79 |     5 ||    84
Throw: Dart              |     2 |       ||     2
  Use: Scroll            |     3 |       ||     3
 Stab: Sleeping          |     7 |     1 ||     8
       Distracted        |       |     1 ||     1
Armor: Robe              |     6 |       ||     6
Dodge: Dodged            |    46 |     1 ||    47
